 Dungeon Crawl Stone Soup version 0.20-a0-823-gdec668e (webtiles) character file.

35 kuniqs the Skirmisher (level 3, 0/20 HPs)
             Began as a Vine Stalker Fighter on Mar 5, 2017.
             Succumbed to an adder's poison
             ... on level 2 of the Dungeon.
             The game lasted 00:02:01 (899 turns).

kuniqs the Skirmisher (Vine Stalker Fighter)         Turns: 899, Time: 00:02:02

Health: 0/20       AC:  6    Str: 18    XL:     3   Next: 35%
Magic:  3/3        EV:  9    Int:  8    God:
Gold:   94         SH:  9    Dex: 14    Spells: 2/2 levels left

rFire    + . .     SeeInvis .   a - +0 rapier
rCold    . . .     Gourm    .   m - +1 leather armour {rF+}
rNeg     . . .     Faith    .   c - +0 shield
rPois    .         Spirit   +   j - +1 helmet
rElec    .         Reflect  .   (no cloak)
rCorr    .         Harm     .   (no gloves)
MR       .....                  (no boots)
Stlth    +.........             b - amulet of magic regeneration
Regen    0.1/turn               (no ring)
MPRegen  0.2/turn               (no ring)

@: lethally poisoned (0 -> -6)
A: fangs 2, low mp 1, mutation resistance 1, magic shield, antimagic bite, no
potion heal 3, rot immunity
a: no special abilities


You were on level 2 of the Dungeon.
You were not hungry.

You visited 1 branch of the dungeon, and saw 2 of its levels.

You collected 94 gold pieces.

Inventory:

Hand Weapons
 a - a +0 rapier (weapon)
Armour
 c - a +0 shield (worn)
 j - a +1 helmet (worn)
 m - a +1 leather armour of fire resistance (worn)
Jewellery
 b - an amulet of magic regeneration (around neck)
Scrolls
 e - 2 scrolls of amnesia {unknown}
 h - a scroll of identify {unknown}
 i - a scroll of random uselessness {unknown}
Potions
 l - a potion of might
Comestibles
 d - a bread ration
 f - 3 fruits
 k - a royal jelly


   Skills:
 + Level 3.1 Fighting
 + Level 1.9 Short Blades
 + Level 2.7 Armour
 + Level 0.7 Dodging
 + Level 3.0 Shields


You had 2 spell levels left.
You didn't know any spells.

Dungeon Overview and Level Annotations

Branches:
Dungeon (2/15)

Altars:

Annotations:
D:2 Terence


Innate Abilities, Weirdness & Mutations

You have extremely sharp teeth.
When hurt, damage is shared between your health and your magic reserves.
Your bite disrupts and absorbs the magic of your enemies.
Potions cannot restore your health.
You are immune to rotting.
Your magical capacity is low. (-10% MP)
You are somewhat resistant to further mutation.


Message History

You feel sick.
You see here a glowing citrine amulet.
You aren't carrying any pieces of jewellery.
b - a glowing citrine amulet
* * * LOW HITPOINT WARNING * * *
You feel sick.
Put on which piece of jewellery? (? for menu, Esc to quit)
You sense that the amulet cannot attune itself to your exhausted body.
b - an amulet of magic regeneration (around neck)
You feel extremely strange.
You feel less energetic.
You feel clever.
Your slimy green scales disappear.
You feel less energetic.
You feel genetically stable.
Your amulet attunes itself to your body and you begin to regenerate magic more quickly.
* * * LOW HITPOINT WARNING * * *
You feel sick.
* * * LOW HITPOINT WARNING * * *
You feel sick.
Okay, then.
Okay, then.
You die...

###########.
#.<)........
#...........
#.@........#
#...†......#
#..
#..).......#
###
#...........
.
#..........#
..
#..........#
..#
#..........#
.###
#####.######
#. .#


There were no monsters in sight!

Vanquished Creatures
  An adder (D:2)
  A dart slug (D:2)
  A leopard gecko (D:1)
  A giant cockroach (D:1)
  8 goblins
  3 kobolds
  3 bats (D:1)
  2 frilled lizards (D:1)
  4 rats
24 creatures vanquished.

Notes
Turn   | Place    | Note
-------+----------+-------------------------------------------
     0 | D:1      | kuniqs the Vine Stalker Fighter began the quest for the Orb.
     0 | D:1      | Reached XP level 1. HP: 11/11 MP: 2/2
   198 | D:1      | Reached XP level 2. HP: 14/16 MP: 3/3
   789 | D:2      | Noticed Terence
   801 | D:2      | Reached XP level 3. HP: 15/20 MP: 4/4
   889 | D:2      | Gained mutation: You are dopey. (Int -2) [potion of mutation]
   889 | D:2      | Gained mutation: You are partially covered in slimy green scales. (AC +2) [potion of mutation]
   889 | D:2      | Gained mutation: You have an increased reservoir of magic. (+10% MP) [potion of mutation]
   895 | D:2      | Lost mutation: You have an increased reservoir of magic. (+10% MP) [potion of mutation]
   895 | D:2      | Lost mutation: You are dopey. (Int -2) [potion of mutation]
   895 | D:2      | Lost mutation: You are partially covered in slimy green scales. (AC +2) [potion of mutation]
   895 | D:2      | Gained mutation: Your magical capacity is low. (-10% MP) [potion of mutation]
   895 | D:2      | Gained mutation: You are somewhat resistant to further mutation. [potion of mutation]
   897 | D:2      | HP: 1/20 [poisoned by an adder]
   899 | D:2      | Succumbed to an adder's poison

Vault maps used:
D:1:      lemuel_arrival_muddy
D:2:      uniq_terence, uniq_robin, uniq_crazy_yiuf_cottage

Skill      XL: |  1  2  3 |
---------------+----------+-----
Fighting       | 3 |  3.1
Shields        | 3 |  3.0
Short Blades   | |  1.9
Armour         | |  2.7
Dodging        | |  0.7

Action                   || total
-------------------------++-------
Melee: Rapier            ||    60
       Bite              ||    17
  Use: Potion            ||     2
Armor: Scale mail        ||    12
       Leather armour    ||    12
Dodge: Dodged            ||    18
Block: Shield            ||    22
